 Dungeon Crawl Stone Soup version 0.31-a0-949-g57150269e1 (webtiles) character file.

Game seed: 14302619884631654121

70 mortress the Changeling (level 4, -4/54 HPs)
             Began as a Draconian Shapeshifter on Oct 21, 2023.
             Slain by Sigmund the killer bee (7 damage)
             ... on level 4 of the Dungeon on Oct 22, 2023.
             The game lasted 00:05:05 (1337 turns).

mortress the Changeling (Draconian Shapeshifter)    Turns: 1337, Time: 00:05:05

Health: -4/54      AC: 22    Str: 18    XL:     4   Next: 3%
Magic:  4/4        EV:  2    Int: 11    God:
Gold:   118        SH:  0    Dex: 10    Spells: 3/3 levels left

rFire   . .          .
                       - Unarmed
rCold   . . .        (no shield)
rNeg    . . .        (body armour unavailable)
rPois   +            (helmet currently unavailable)
rElec   .            (cloak currently unavailable)
rCorr   .            (gloves currently unavailable)
SInv    .            (boots currently unavailable)
Will    .....        (no amulet)
Stlth   +            (no ring)
HPRegen 0.29/turn    (no ring)
MPRegen 0.09/turn

%: no passive effects
@: brilliant, lethally poisoned (-4 -> -9), tree-form
A: stationary, stasis, torment immunity, boosted hp, AC +5, unfitting armour,
(cold-blooded)
a: no special abilities


You were on level 4 of the Dungeon.
You were a tree.
You visited 1 branch of the dungeon, and saw 4 of its levels.

You collected 118 gold pieces.

Inventory:

Missiles
 i - a throwing net
 l - 3 boomerangs
 o - 2 poisoned darts
Jewellery
 p - a +6 ring of intelligence
Talismans
 b - a beast talisman
 c - a flux talisman
Wands
 k - a wand of polymorph (7)
 m - a wand of charming (9)
Scrolls
 d - a scroll of teleportation {unknown}
 g - a scroll of vulnerability {unknown}
 h - 2 scrolls of identify {unknown}
 j - a scroll of poison {unknown}
Potions
 e - a potion of ambrosia {unknown}
 f - 3 potions of brilliance
 n - 2 potions of enlightenment {unknown}


   Skills:
 + Level 2.1 Fighting
 + Level 2.3 Dodging
 + Level 3.5 Unarmed Combat
 * Level 3.6 Shapeshifting


You had 3 spell levels left.
You didn't know any spells.
Your spell library contained the following spells:

 Spells                   Type           Power      Damage    Failure   Level
 Malign Gateway           Summ/Tloc      0%         N/A       100%        7
 Summon Horrible Things   Summ           0%         N/A       100%        8


Dungeon Overview and Level Annotations

Branches:
Dungeon (4/15)
 Temple: D:4-7

Altars:

Annotations:
D:4 Sigmund


Innate Abilities, Weirdness & Mutations

You are a tree.
Your roots penetrate the ground, keeping you stationary.
You cannot be teleported.
You are immune to unholy pain and torment.
Your maximum health is greatly increased.
Your equipment is partially melded.
((Your plain brown scales are hard. (AC +5)))
You cannot fit into any form of body armour.
((You are cold-blooded and may be slowed by cold attacks.))


Message History

Sigmund hits you but does no damage.
Aiming: Polymorph
Press: ? - help, Shift-Dir - straight line, f - Sigmund
Aim: Sigmund, wielding a +0 scythe and wearing a +2 robe of fire resistance (will become a killer bee, an iguana, or a boggart, chance to affect: 57%) Sigmund resists with significant effort.
Sigmund hits you from afar with a +0 scythe.
Aiming: Polymorph
Press: ? - help, Shift-Dir - straight line, f/p - Sigmund
Aim: Sigmund, wielding a +0 scythe and wearing a +2 robe of fire resistance (will become a killer bee, an iguana, or a boggart, chance to affect: 57%) Sigmund evaporates and reforms as a killer bee!
You hit Sigmund.
Your tail-slap misses Sigmund.
Sigmund is lightly wounded.
Sigmund stings you. x2
Your transformation has ended.
You turn into a tree.
Your roots penetrate the ground.
Sigmund stings you but does no damage. Sigmund stings you.
* * * LOW HITPOINT WARNING * * *
You miss Sigmund.
Sigmund is lightly wounded.
Sigmund stings you but does no damage. x2; The scorpion stings you.
* * * LOW HITPOINT WARNING * * *
You are lethally poisoned!
The scorpion poisons you!
You hit Sigmund but do no damage.
Sigmund is lightly wounded.
* * * LOW HITPOINT WARNING * * *
You feel very sick.
Sigmund stings you but does no damage. x2
The scorpion stings you but does no damage.
You closely miss Sigmund.
Sigmund is lightly wounded.
* * * LOW HITPOINT WARNING * * *
You feel very sick.
Sigmund stings you but does no damage. x2
The scorpion stings you but does no damage.
It was a potion of brilliance.
You feel clever all of a sudden.
* * * LOW HITPOINT WARNING * * *
You feel sick. Sigmund stings you!
You die...

#.####.#.### #..........#
###.####.###.#
#......#.....#
##.#....#.##### ######
...######.# ###....
#..#......# #....#
#.........# #.#s.#
#.....##.### #.♣y.#
####.......#######)#####.
.......#.#.#........?.....
#..<...#.#+#'#####@...##.#
#...#..#..........#......
#.#.#..#..........#..####
..#.#.............#..#
[##.#............s#... .
..###............#.#.


You could see a scorpion and Sigmund the killer bee.

Vanquished Creatures
  Jessica (D:2)
  An adder (D:2)
  A worm (D:2)
  An endoplasm (D:3)
  4 goblins
  2 hobgoblins
  5 jackals
  2 quokkas
  4 ball pythons
  3 bats
  A frilled lizard (D:3)
  4 kobolds
  4 rats
33 creatures vanquished.

Notes
Turn   | Place    | Note
-------+----------+-------------------------------------------
     0 | D:1      | mortress the Draconian Shapeshifter began the quest for the
                  | Orb.
     0 | D:1      | Reached XP level 1. HP: 16/16 MP: 1/1
   482 | D:2      | Reached XP level 2. HP: 22/23 MP: 2/2
   575 | D:2      | Found a faded altar of an unknown god.
   635 | D:2      | Noticed Jessica
   657 | D:2      | Killed Jessica
   658 | D:2      | Reached XP level 3. HP: 11/29 MP: 3/3
  1308 | D:4      | Noticed Sigmund
  1317 | D:4      | Reached XP level 4. HP: 36/36 MP: 4/4
  1324 | D:4      | Noticed a scorpion
  1331 | D:4      | Sigmund changed into Sigmund the killer bee
  1331 | D:4      | Noticed Sigmund
  1337 | D:4      | Slain by Sigmund the killer bee

Illustrated notes

Levels and vault maps discovered:
D:1:      roderic_crop_circles_arrival_small, layout_basic
D:2:      layout_rooms, dreamdust_ecumenical_altar_grove, uniq_jessica
D:3:      layout_rooms, kennysheep_crisscross
D:4:      layout_basic, marbit_many_paths, mainiacjoe_overflow_brackets,
          uniq_sigmund

Skill      XL: |  1  2 |
---------------+-------+-----
Dodging        | 2 |  2.3
Fighting       | 2 |  2.1
Unarmed Combat | |  3.5
Shapeshifting  | |  3.6

Action                     |  1- 3 |  4- 6 || total
---------------------------+-------+-------++-------
  Melee: Unarmed           |    84 |    11 ||    95
         Tailslap          |     8 |     2 ||    10
         Punch             |     1 |       ||     1
  Evoke: Wand              |       |     2 ||     2
    Use: Potion            |       |     2 ||     2
   Stab: Sleeping          |     1 |       ||     1
 Armour: Skin              |    45 |    20 ||    65
  Dodge: Dodged            |    37 |     5 ||    42

Table legend: (Time is in decaauts)
 A = Elapsed time spent in this place.
 B = Non-inter-level travel time spent in this place.
 C = Inter-level travel time spent in this place.
 D = Time resting spent in this place.
 E = Time spent auto-exploring this place.
 F = Levels seen in this place.
 G = Mean time per level.
                   A        B        C        D        E       F      G
               +--------+--------+--------+--------+--------+-----+--------+
         Total |   1331 |   1233 |     98 |      0 |    899 |   4 |  332.8 |
       Dungeon |   1331 |   1233 |     98 |      0 |    899 |   4 |  332.8 |
               +--------+--------+--------+--------+--------+-----+--------+

Top non-repeatable levels by time:
     D:2: 544 daAuts
     D:1: 352 daAuts
     D:3: 351 daAuts
     D:4: 83 daAuts
